 Dungeon Crawl Stone Soup version 0.15.2 (webtiles) character file.

198 Jard the Skirmisher (level 5, -1/48 HPs)
             Began as a Hill Orc Fighter on Jan 4, 2015.
             Slain by a hippogriff skeleton (4 damage)
             ... on Level 3 of the Dungeon.
             The game lasted 00:11:45 (3092 turns).

Jard the Skirmisher (Hill Orc Fighter)              Turns: 3092, Time: 00:11:45

HP  -1/48        AC  7     Str 20      XL: 5   Next: 77%
MP   5/5         EV  7     Int 13      God:
Gold 103         SH 10     Dex 10      Spells:  0 memorised,  4 levels left

rFire  . . .     SeeInvis .     p - +1 rod of destruction (7/10)
rCold  . . .     Clarity  .     b - +0 scale mail
rNeg   . . .     rCorr    .     c - +1 shield
rPois  .         rRot     .     (no helmet)
rElec  .         Spirit   .     (no cloak)
SustAb .         Warding  .     (no gloves)
rMut   .         Stasis   .     (no boots)
Gourm  .                        (no amulet)
MR     .....                    (no ring)
                                (no ring)

@: brilliant, not resistant to hostile enchantments, extremely unstealthy
A: no striking features
a: no special abilities


You were on level 3 of the Dungeon.
You were not hungry.

You visited 1 branch of the dungeon, and saw 3 of its levels.

You collected 103 gold pieces.

Inventory:

Hand weapons
 a - a +0 cutlass
 n - a +0 blowgun
Missiles
 g - 3 tomahawks (quivered)
 m - 18 poisoned needles
Armour
 b - a +0 scale mail (worn)
 c - a +1 shield (worn)
Comestibles
 d - a bread ration
 k - 2 beef jerkies
 q - 10 fruits
 r - a chunk of adder flesh
Scrolls
 h - a scroll of recharging
 i - 2 scrolls of enchant armour
Jewellery
 l - an uncursed amulet of rage {unknown}
Potions
 e - 2 potions of might
 f - a potion of cancellation
Rods
 p - a +1 rod of destruction (7/10) (weapon)
   (You found it on level 3 of the Dungeon)


   Skills:
 + Level 5.0 Fighting
 - Level 2.2 Short Blades
 * Level 0.2 Maces & Flails
 + Level 4.2 Armour
 - Level 1.4 Dodging
 + Level 4.6 Shields
 * Level 0.2 Evocations


You had 4 spell levels left.
You didn't know any spells.

Dungeon Overview and Level Annotations

Branches:
Dungeon (3/15)

Altars:
Fedhas


Message History

The jackal barely misses you. You block the jackal's attack.
You closely miss the jackal.
The jackal is heavily wounded.
The jackal bites you but does no damage.
The jackal barely misses you.
Read which item? (? for menu, Esc to quit)
Okay, then.
Drink which item? (? for menu, Esc to quit)
You feel clever all of a sudden.
It was a potion of brilliance.
The hippogriff skeleton bites you.
* * * LOW HITPOINT WARNING * * *
The hippogriff skeleton pecks you but does no damage.
The hippogriff skeleton claws you.
* * * LOW HITPOINT WARNING * * *
The jackal bites you but does no damage.
You completely miss the jackal.
The jackal is heavily wounded.
The jackal bites you but does no damage.
The hippogriff skeleton bites you.
You die...

##.##.# #####.# ......#
#.....# #.##### #.#####
########### #.# #.#
#.........# #.# #.#
#.#######.# #.# #.# #.#
#.# #.# #.# ##.## #.#
..#
####>########...######.#
#.#
#......hhh@Z..#.....##.#
#.#
#.##.########...###.##.#
#.# #.##......#
##.###...#.# #.#
#.#######.# #.###...#.#
#.# #.# #<# #.#.......#
#.# ##.## #.#
#.........# #(####.#.##
#.# ###.......####
#...%.###.# #.#
###.....(...
#.####.#.######.#
#..........


You could see 3 jackals and a hippogriff skeleton.

Vanquished Creatures
  2 orc wizards (D:3)
  8 adders
  2 worms (D:3)
  3 giant geckos
  3 orcs (D:3)
  A ball python (D:1)
  3 bats
  3 giant cockroaches
  3 hobgoblins (D:2)
  2 jackals (D:1)
  4 giant newts
  10 goblins
  9 kobolds
  6 rats
59 creatures vanquished.

Notes
Turn   | Place    | Note
--------------------------------------------------------------
     0 | D:1      | Jard, the Hill Orc Fighter, began the quest for the Orb.
     0 | D:1      | Reached XP level 1. HP: 19/19 MP: 1/1
   166 | D:1      | Reached XP level 2. HP: 27/27 MP: 2/2
   232 | D:1      | Reached skill level 4 in Fighting
   574 | D:2      | Reached XP level 3. HP: 30/33 MP: 3/3
  1138 | D:2      | Reached skill level 1 in Dodging
  1181 | D:2      | Reached XP level 4. HP: 37/41 MP: 4/4
  1987 | D:3      | Reached XP level 5. HP: 17/47 MP: 5/5
  2685 | D:3      | Identified a +1 rod of destruction (10/10) (You found it on level 3 of the Dungeon)
  2932 | D:3      | Found a blossoming altar of Fedhas.
  2943 | D:3      | Reached skill level 5 in Fighting
  3092 | D:3      | Slain by a hippogriff skeleton

Action                   |  1- 3 |  4- 6 || total
-------------------------+-------+-------++-------
Melee: Cutlass           |   143 |   160 ||   303
       Rod               |       |    47 ||    47
Throw: Tomahawk          |     4 |       ||     4
Evoke: Rod               |       |     3 ||     3
  Use: Scroll            |     4 |     4 ||     8
       Potion            |     1 |     1 ||     2
  Eat: Chunk             |       |     3 ||     3
       Meat ration       |       |     1 ||     1
